AoeStats
← RoroAPC

Fortress

508353424Analyzed
4v4 RM · 11d ago on Sep 22, 2026· 43m 26s· 8 players
Game mode
Random Map
Map size
Huge
Population
200
Speed
Normal
Resources
Standard
Victory
Conquest
Starting age
Dark Age
Ending age
Imperial Age
RankedLock teamsTeams togetherTeam positionsShared explorationLock speedFull tech treeHidden civsTurbo modeCheats
Victory
Defeat
🇦🇷 Cumans · Argentina
1246
+12
🇦🇷 Franks · Argentina
1160
+16
🇨🇱 Maya · Chile
1145
+16
🇦🇷 Mapuche · Argentina
1133
+16
🇨🇱 Portuguese · Chile
1186
-17
🇩🇪 Georgians · Germany
1148
-15
🇺🇸 Goths · United States
1135
-14
🇨🇦 Turks · Canada
1135
-14
[SIX] RX
8:21 Feudal Age
9:02 Double-Bit Axe
8:57 Horse Collar
16:05 Castle Age
14:59 Gold Mining
15:02 Stone Mining
16:42 Forging
16:57 Heavy Plow
17:08 Bow Saw
18:22 Gold Shaft Mining
20:42 Padded Archer Armor
21:38 Wheelbarrow
23:46 Iron Casting
26:14 Hand Cart
25:56 Fletching
26:06 Scale Mail Armor
26:23 Leather Archer Armor
26:39 Arson
33:23 Bodkin Arrow
33:28 Scale Mail Armor
42:40 Malon
43:04 Elite Skirmisher
43:04 Pikeman
CORP_JuanLan
8:13 Feudal Age
11:54 Castle Age
10:12 Horse Collar
10:23 Double-Bit Axe
13:18 Wheelbarrow
12:55 Bow Saw
13:45 Loom
13:46 Town Watch
16:39 Heavy Plow
19:00 Fervor
19:28 Squires
19:13 Arson
19:30 Fletching
19:41 Padded Archer Armor
21:11 Gold Mining
21:40 Bodkin Arrow
23:39 Leather Archer Armor
23:40 Stone Mining
26:25 Ballistics
27:04 Hand Cart
27:43 Fortified Wall
27:15 Treadmill Crane
32:55 Imperial Age
31:22 Thumb Ring
33:57 Conscription
33:07 Elite Plumed Archer
34:23 Hoardings
33:40 Capped Ram
34:49 Bracer
35:20 Ring Archer Armor
36:34 Chemistry
35:46 Masonry
36:47 Two-Man Saw
37:15 Coinage
36:56 Guilds
36:47 Caravan
38:15 Holcans
39:50 Architecture
39:56 Crop Rotation
39:59 Banking
Belmont
3:17 Loom
6:15 Feudal Age
8:57 Double-Bit Axe
10:01 Horse Collar
12:12 Wheelbarrow
14:59 Town Watch
18:27 Castle Age
18:22 Forging
18:17 Scale Barding Armor
19:15 Bloodlines
19:50 Iron Casting
22:17 Bow Saw
26:57 Chain Barding Armor
26:51 Steppe Husbandry
26:23 Light Cavalry
27:16 Capped Ram
31:05 Gold Mining
31:39 Hand Cart
38:46 Heavy Plow
41:35 Imperial Age
41:36 Elite Steppe Lancer
44:04 Blast Furnace
43:40 Plate Barding Armor
dan29730
8:46 Feudal Age
12:44 Castle Age
11:10 Double-Bit Axe
11:27 Gold Mining
14:00 Bow Saw
14:42 Wheelbarrow
16:04 Loom
16:06 Town Watch
22:26 Imperial Age
21:46 Hand Cart
21:32 Stone Mining
22:19 Gold Shaft Mining
24:34 Chemistry
25:01 Conscription
24:44 Scale Mail Armor
24:54 Forging
25:04 Gambesons
25:20 Squires
25:06 Arson
25:45 #83
27:09 Siege Engineers
27:59 Elite Throwing Axeman
29:15 Chain Mail Armor
29:35 Iron Casting
31:44 Iron Casting
33:33 Plate Mail Armor
36:54 Blast Furnace
S.enpaii
9:30 Feudal Age
13:13 Castle Age
11:10 Double-Bit Axe
16:36 Imperial Age
14:22 Gold Mining
16:15 Padded Archer Armor
17:06 Leather Archer Armor
26:28 Loom
Zangytangy
8:37 Feudal Age
10:14 Double-Bit Axe
10:43 Horse Collar
13:17 Castle Age
11:30 Scale Mail Armor
14:34 Gold Mining
14:58 Bow Saw
14:55 Heavy Plow
18:46 Anarchy
21:34 Squires
21:55 Chain Mail Armor
21:51 Forging
22:52 Pikeman
26:41 Wheelbarrow
31:38 Iron Casting
33:43 Imperial Age
33:46 Halberdier
36:45 Blast Furnace
38:10 Conscription
37:50 Perfusion
PezMaza
7:14 Feudal Age
10:11 Loom
12:44 Castle Age
10:59 Double-Bit Axe
11:41 Horse Collar
14:31 Wheelbarrow
15:00 Town Watch
18:22 Bloodlines
19:44 Husbandry
24:32 Hand Cart
24:42 Fortified Wall
24:57 Heavy Plow
25:24 Fletching
25:18 Treadmill Crane
26:09 Ballistics
27:09 Gold Mining
27:29 Bow Saw
27:10 Stone Mining
30:54 Imperial Age
28:25 Town Patrol
28:42 Svan Towers
29:12 Forging
29:09 Scale Barding Armor
30:40 Iron Casting
30:01 Bodkin Arrow
30:55 Chain Barding Armor
32:49 Blast Furnace
31:50 Bracer
32:28 Elite Monaspa
33:44 Hoardings
34:59 Plate Barding Armor
34:52 Scale Mail Armor
34:53 Padded Archer Armor
35:41 Aznauri Cavalry
37:11 Conscription
38:14 Leather Archer Armor
38:14 Chain Mail Armor
40:02 Pikeman
40:42 Squires
40:28 Gambesons
40:29 Arson
41:13 Heavy Scorpion
42:17 Murder Holes
42:28 Siege Engineers
43:10 Halberdier
RoroAPC
7:46 Feudal Age
11:39 Castle Age
10:09 Fletching
10:48 Double-Bit Axe
10:47 Horse Collar
11:05 Gold Mining
13:57 Bow Saw
15:54 Loom
19:23 Wheelbarrow
19:01 Town Watch
22:04 Hand Cart
26:31 Imperial Age
24:13 Padded Archer Armor
24:30 Pikeman
26:36 Scale Mail Armor
26:31 Bodkin Arrow
26:48 Forging
28:16 Chemistry
27:37 Ballistics
27:00 Treadmill Crane
27:52 Chain Mail Armor
28:11 Halberdier
29:53 Plate Mail Armor
29:58 Iron Casting
33:39 Two-Man Saw
33:26 Conscription
37:44 Bombard Tower
Connection lost

Rejoining the realm…

Still unreachable

The connection could not be restored.

Session expired

The server has moved on; the page needs a fresh start.